 Dungeon Crawl Stone Soup version 0.30.0-29-ga12c61a403 (webtiles) character file.

Game seed: 7641734957554451563

51 MrAu the Trooper (level 4, -5/35 HPs)
             Began as a Human Fighter on June 15, 2023.
             Slain by a cerulean imp
             ... wielding a +2 spear
             ... summoned by Natasha
              (6 damage)
             ... on level 2 of the Dungeon.
             The game lasted 00:04:54 (1994 turns).

MrAu the Trooper (Human Fighter)                    Turns: 1994, Time: 00:04:56

Health: -5/35      AC:  8    Str: 19    XL:     4   Next: 7%
Magic:  4/4        EV:  9    Int:  8    God:
Gold:   79         SH:  4    Dex: 12    Spells: 3/3 levels left

rFire   . . .        a - +0 war axe
rCold   . . .        c - +0 buckler
rNeg    . . .        b - +0 scale mail
rPois   .            h - +0 helmet
rElec   .            (no cloak)
rCorr   .            (no gloves)
SInv    .            (no boots)
Will    .....        (no amulet) Stlth
                     (no ring)
HPRegen 0.25/turn    (no ring)
MPRegen 0.09/turn

%: no passive effects
@: slowed, very slow
A: no striking features
a: no special abilities


You were on level 2 of the Dungeon.
You visited 1 branch of the dungeon, and saw 2 of its levels.

You collected 79 gold pieces.

Inventory:

Hand Weapons
 a - a +0 war axe (weapon)
 i - a +0 battleaxe
Armour
 b - a +0 scale mail (worn)
 c - a +0 buckler (worn)
 h - a +0 helmet (worn)
Scrolls
 f - a scroll of identify
 g - 2 scrolls of teleportation
Potions
 d - a potion of might
 e - a potion of haste {unknown}
 j - a potion of flight {unknown}


   Skills:
 + Level 3.5 Fighting
 + Level 2.4 Axes
 + Level 3.5 Armour
 + Level 0.4 Dodging
 + Level 3.2 Shields


You had 3 spell levels left.
You didn't know any spells.
Your spell library was empty.

Dungeon Overview and Level Annotations

Branches:
Dungeon (2/15)

Altars:

Shops:
D:1 (

Annotations:
D:2 Natasha


Message History

The cerulean imp hits you but does no damage.
Natasha mumbles some strange words.
The cerulean imp hits you but does no damage.
Natasha mumbles some strange words.
The cerulean imp hits you with a +0 spear.
You closely miss the cerulean imp.
The cerulean imp hits you with a +0 spear.
The cerulean imp hits you from afar with a +1 spear.
You hit the cerulean imp.
The cerulean imp is moderately wounded.
You hit Natasha. Natasha claws you but does no damage.
The cerulean imp hits you with a +0 spear.
The cerulean imp hits you but does no damage.
The cerulean imp hits you from afar with a +2 spear.
You closely miss Natasha.
Natasha is lightly wounded.
You barely miss the cerulean imp. Natasha claws you!
The cerulean imp closely misses you.
The cerulean imp hits you from afar with a +2 spear.
* * * LOW HITPOINT WARNING * * *
The cerulean imp hits you with a +0 spear.
* * * LOW HITPOINT WARNING * * *
Natasha barely misses you.
You slash Natasha!
Natasha is almost dead.
You barely miss the cerulean imp. The cerulean imp barely misses you.
The cerulean imp closely misses you.
The cerulean imp hits you but does no damage.
Natasha casts a spell at you.
You feel yourself slow down. You block the cerulean imp's attack.
The cerulean imp hits you from afar with a +2 spear.
* * * LOW HITPOINT WARNING * * *
You barely miss Natasha.
Natasha is almost dead.
You closely miss the cerulean imp. The cerulean imp barely misses you.
Natasha claws you.
* * * LOW HITPOINT WARNING * * *
The cerulean imp barely misses you.
The cerulean imp hits you from afar with a +2 spear.
You die...

#....# #....#
#....# ##....#
#.#.....# #.#.....#
#. #.#.....# ..
#.#wh5..# #.#
#..5.@### ...##
#..5###
...).##...###
#........#####
.#.#.#.#..h#......#
..w....<..5####.#.#
.#.#.#.##..#
#...####### .Jh...
#..## #........#
.#.#.#.##...#
##h......#


You could see Natasha, 3 cerulean imps and a dart slug.

Vanquished Creatures
  A gnoll (D:1)
  2 adders (D:2)
  2 bats (D:1)
  An endoplasm (D:2)
  3 goblins (D:1)
  4 jackals
  2 kobolds (D:1)
  2 ball pythons (D:1)
  2 frilled lizards (D:1)
  4 rats (D:1)
23 creatures vanquished.

Notes
Turn   | Place    | Note
-------+----------+-------------------------------------------
     0 | D:1      | MrAu the Human Fighter began the quest for the Orb.
     0 | D:1      | Reached XP level 1. HP: 18/18 MP: 1/1
   156 | D:1      | Reached XP level 2. HP: 24/24 MP: 2/2
   299 | D:1      | Found a faded altar of an unknown god.
   354 | D:1      | Reached XP level 3. HP: 7/29 MP: 3/3
  1472 | D:1      | Found Zyzah's Weapon Boutique.
  1811 | D:2      | Noticed Natasha
  1836 | D:1      | Reached XP level 4. HP: 14/35 MP: 4/4
  1994 | D:2      | HP: 1/35 [Natasha (6)]
  1994 | D:2      | Slain by a cerulean imp

Illustrated notes

Levels and vault maps discovered:
D:1:      mrwooster_arrival_statue_3, layout_loops_ring,
          shapermc_ecumenical_altar_flowoftime, serial_shops,
          nicolae_shop_behind_doors, st_stairs_11
D:2:      layout_rooms, minivault_11, st_stairs_9, uniq_natasha

Action                     |  1- 3 |  4- 6 || total
---------------------------+-------+-------++-------
  Melee: War axe           |    65 |     7 ||    72
    Use: Scroll            |     1 |       ||     1
 Armour: Scale mail        |    36 |     5 ||    41
  Dodge: Dodged            |    22 |     6 ||    28
  Block: Buckler           |     7 |     1 ||     8
